 Dungeon Crawl Stone Soup version bcrawl-1.36.4 (webtiles) character file.

Game seed: 12375777461845517683

310528 Mrkan the Cleaver (level 10, -6/126 HPs)
             Began as a Demonspawn Gladiator on July 24, 2022.
             Was a Priest of Makhleb.
             Mangled by Harold
             ... wielding a +2 trident of venom
              (11 damage)
             ... on level 8 of the Dungeon.
             The game lasted 00:15:36 (8179 turns).

Mrkan the Cleaver (Demonspawn Gladiator)            Turns: 8179, Time: 00:15:36

Health: -6/126     AC: 15    Str: 23    XL:     10   Next: 31%
Magic:  16/16      EV:  8    Int: 10    God:    Makhleb [***...]
Gold:   520        SH:  0    Dex: 14    Spells: 9/9 levels left

rFire    + . .     SeeInvis .   a - +0 war axe
rCold    + . .     Gourm    .   (no shield)
rNeg     . . .     Faith    .   I - +0 plate armour
rPois    .         Spirit   .   (helmet restricted)
rElec    .         Reflect  .   B - scarf {rC+ rF+}
rCorr    .                      (no gloves)
MR       .....                  o - +2 pair of boots
Stlth    ..........             (no amulet)
HPRegen  0.31/turn              (no ring)
MPRegen  0.15/turn              (no ring)

@: berserking (expiring), lethally poisoned (-6 -> -17), very quick
A: horns 1, rugged brown scales 2, nightstalker 2, powered by death 1
a: Minor Destruction, Hew, Renounce Religion


You were on level 8 of the Dungeon.
You worshipped Makhleb.
Makhleb was most pleased with you.
You were not hungry.

You visited 2 branches of the dungeon, and saw 9 of its levels.
You also visited: Sewer.

You collected 520 gold pieces.

Inventory:

Hand Weapons
 a - a +0 war axe (weapon)
 C - a +1 whip of flaming
Missiles
 d - 4 throwing nets {=f}
Armour
 o - a +2 pair of boots (worn)
 B - a scarf of resistance (worn)
 I - a +0 plate armour (worn)
Wands
 y - a wand of random effects (8)
Scrolls
 b - a scroll of enchant armour
 g - 4 scrolls of remove curse
 h - 3 scrolls of teleportation
 i - a scroll of identify
 j - a scroll of noise
 k - a scroll of magic mapping {unknown}
 q - a scroll of amnesia
 r - a scroll of blinking {unknown}
 w - 2 scrolls of enchant weapon {unknown}
 z - a scroll of fear {unknown}
 A - a scroll of fog {unknown}
 E - 2 scrolls of immolation {unknown}
Potions
 c - 5 potions of flight
 l - 3 potions of berserk rage
 n - 4 potions of mutation
 p - a potion of resistance {unknown}
 s - a potion of curing
 t - a potion of haste {unknown}
 v - a potion of degeneration {unknown}
 x - 2 potions of brilliance {unknown}
 D - a potion of might {unknown}
 F - 3 potions of cancellation {unknown}
Comestibles
 e - 8 rations {!d}
 G - 13 chunks of flesh


   Skills:
 + Level 8.2 Fighting
 - Level 10.0 Axes
 - Level 1.7 Throwing
 * Level 4.4 Dodging
 + Level 9.3 Invocations


You had 9 spell levels left.
You didn't know any spells.
Your spell library contained the following spells:

 Spells                   Type           Power        Failure   Level  Hunger
 Magic Dart               Conj           #...         100%        1    None
 Searing Ray              Conj           #.......     100%        2    ####...
 Iskenderun's Mystic Bla  Conj           #.......     100%        3    #####..
 Fulminant Prism          Conj/Hex       #.........   100%        4    ######.
 Irradiate                Conj/Tmut      #.........   100%        5    #######


Dungeon Overview and Level Annotations

Branches:
Dungeon (8/12)             Temple (1/1) D:6
   Lair: D:7-9          Orc: D:8-11

Altars:
Ashenzari
Cheibriados
Dithmenos
Elyvilon
Gozag
Kikubaaqudgha
Lugonu
Makhleb
Nemelex Xobeh
Okawaru
Qazlal
Ru
Sif Muna
Trog
Vehumet
Xom
Yredelemnul
Zin
The Shining One

Annotations:
D:8 Harold


Innate Abilities, Weirdness & Mutations

You have a pair of small horns on your head.
You are mostly covered in rugged brown scales. (AC +2, +5% HP)
You are significantly more attuned to the shadows.
You regenerate a little health from kills.


Message History

* * * LOW HITPOINT WARNING * * *
You closely miss Harold.
Harold is severely wounded.
* * * LOW HITPOINT WARNING * * *
You feel sick.
You slash Harold! You headbutt Harold!
Harold is almost dead.
Harold blocks your attack.
Harold is almost dead.
* * * LOW HITPOINT WARNING * * *
You feel sick.
Harold gestures wildly while chanting.
Harold blinks!
* * * LOW HITPOINT WARNING * * *
You feel sick.
You feel a strong urge to attack something.
* * * LOW HITPOINT WARNING * * *
You feel sick.
Harold hits you with a +2 trident of venom!
You die...

≈.. ##.#.. .≈.
#.... ....... #
#.#..#.##
#######..@.....
#.....# #@#
#.....# #.#
#.....###.###
#...."......#
#......##.#.#
#####))##....#
##.####..#
#.......#
#.#####.#


You could see Harold.

Vanquished Creatures
  A centaur warrior (D:7)
  Pikel (D:6)
  A manticore (D:8)
  A hornet (D:7)
  Prince Ribbit (Temple)
  A hippogriff (D:7)
  4 yaks (D:7)
  A steam dragon (D:8)
  A hungry ghost (D:7)
  An orc warrior (D:8)
  2 sky beasts
  2 black bears (D:7)
  2 phantoms (D:7)
  An ogre (D:7)
  3 bullfrogs
  2 kobold brigands (Sewer)
  Blork the orc (D:6)
  3 centaurs
  3 killer bees (D:7)
  2 howler monkeys
  2 orc priests
  3 crimson imps
  A quasit (D:7)
  A hound (D:5)
  2 orc wizards
  An iguana (D:5)
  2 worker ants
  2 hound zombies
  2 hound skeletons
  A howler monkey zombie (D:5)
  A worker ant zombie (D:6)
  3 gnolls (D:5)
  12 adders
  A howler monkey skeleton (D:6)
  4 river rats (D:4)
  2 shadow imps
  2 oozes (Sewer)
  An adder zombie (D:7)
  3 adder skeletons (D:5)
  13 worms
  A dart slug (D:2)
  2 leopard geckos
  11 orcs
  3 ball pythons (Sewer)
  4 bats
  A giant cockroach (D:2)
  2 goblins
  12 hobgoblins
  7 jackals
  12 kobolds
  3 quokkas
  2 frilled lizards (D:2)
  A jackal skeleton (D:4)
  8 rats
162 creatures vanquished.

Vanquished Creatures (others)
  A slave (D:6)
  A quasit (D:6)
2 creatures vanquished.

Grand Total: 164 creatures vanquished

Notes
Turn   | Place    | Note
-------+----------+-------------------------------------------
     0 | D:1      | Mrkan the Demonspawn Gladiator began the quest for the Orb.
     0 | D:1      | Reached XP level 1. HP: 18/18 MP: 1/1
   844 | D:2      | Reached skill level 3 in Axes
   908 | D:2      | Gained mutation: You have a pair of small horns on your
                  | head. [demonic ancestry]
   908 | D:2      | Reached XP level 2. HP: 24/24 MP: 2/2
  1099 | D:2      | Found a burning altar of Makhleb.
  1105 | D:2      | Became a worshipper of Makhleb the Destroyer
  1393 | D:2      | Reached XP level 3. HP: 28/29 MP: 3/3
  1842 | D:2      | Reached XP level 4. HP: 35/35 MP: 4/4
  2266 | D:3      | Reached * piety under Makhleb
  2621 | D:3      | Reached skill level 4 in Axes
  2627 | D:3      | Gained mutation: You regenerate a little health from kills.
                  | [demonic ancestry]
  2627 | D:3      | Reached XP level 5. HP: 28/42 MP: 5/5
  3325 | D:4      | Reached skill level 1 in Invocations
  3473 | D:4      | Gained mutation: You are slightly more attuned to the
                  | shadows. [demonic ancestry]
  3473 | D:4      | Reached XP level 6. HP: 15/48 MP: 7/7
  3482 | D:4      | Found a glowing drain.
  3489 | Sewer    | Entered a sewer
  3671 | Sewer    | Reached skill level 5 in Axes
  3912 | Sewer    | Reached ** piety under Makhleb
  4639 | D:4      | Reached XP level 7. HP: 55/55 MP: 9/9
  4788 | D:5      | Entered Level 5 of the Dungeon
  4820 | D:5      | Found a sparkling altar of Nemelex Xobeh.
  5308 | D:5      | Reached skill level 5 in Fighting
  5397 | D:5      | Reached skill level 6 in Axes
  5924 | D:6      | Found a staircase to the Ecumenical Temple.
  5924 | D:6      | Noticed Prince Ribbit
  5924 | D:6      | Noticed Blork the orc
  5928 | D:6      | Killed Blork the orc
  5936 | Temple   | Entered the Ecumenical Temple
  6030 | Temple   | Killed Prince Ribbit
  6031 | Temple   | Gained mutation: You are significantly more attuned to the
                  | shadows. [demonic ancestry]
  6031 | Temple   | Reached XP level 8. HP: 40/63 MP: 11/11
  6283 | D:6      | Noticed Pikel
  6298 | D:6      | Killed Pikel
  6299 | D:6      | Reached skill level 7 in Axes
  6299 | D:6      | Reached skill level 5 in Invocations
  6308 | D:6      | Found a sparkling altar of Nemelex Xobeh.
  6895 | D:7      | Reached skill level 8 in Axes
  6939 | D:7      | Gained mutation: You are partially covered in rugged brown
                  | scales. (AC +1, +3% HP) [demonic ancestry]
  6939 | D:7      | Reached XP level 9. HP: 46/73 MP: 12/14
  7340 | D:7      | Reached *** piety under Makhleb
  7443 | D:7      | Identified the +1 robe of Anarchy {+Blink rCorr Int-4}
  7468 | D:7      | Reached skill level 9 in Axes
  7534 | D:7      | Noticed a centaur warrior
  7542 | D:7      | Killed a centaur warrior
  7543 | D:7      | Gained mutation: You are mostly covered in rugged brown
                  | scales. (AC +2, +5% HP) [demonic ancestry]
  7543 | D:7      | Reached XP level 10. HP: 67/84 MP: 16/16
  7711 | D:7      | Found a sacrificial altar of Ru.
  7777 | D:7      | Reached skill level 10 in Axes
  8006 | D:8      | Noticed a manticore
  8018 | D:8      | Killed a manticore
  8123 | D:8      | Noticed Harold
  8178 | D:8      | HP: 6/126 [poisoned by Harold]
  8179 | D:8      | Mangled by Harold

Skill      XL: |  1  2  3  4  5  6  7  8  9 10 |
---------------+-------------------------------+-----
Axes           | 3 4 5 6 8 9 10 | 10.0
Dodging        | 3 4 |  4.4
Fighting       | 4 5 6 7 8 |  8.2
Invocations    | 1 3 4 6 8 9 |  9.3
Throwing       | |  1.7

Action                   |  1- 3 |  4- 6 |  7- 9 | 10-12 || total
-------------------------+-------+-------+-------+-------++-------
Melee: War axe           |   101 |   248 |   264 |   101 ||   714
       Headbutt          |    11 |    31 |    63 |    25 ||   130
Invok: Minor Destruction |       |       |       |     1 ||     1
  Use: Scroll            |       |     4 |     9 |       ||    13
       Potion            |       |     1 |       |     8 ||     9
  Eat: Chunk             |     6 |    16 |    16 |     4 ||    42
       Ration            |       |       |     1 |       ||     1
Armor: Chain mail        |    81 |   164 |   207 |    37 ||   489
       Plate armour      |       |       |       |    20 ||    20
Dodge: Dodged            |    32 |   110 |   130 |    33 ||   305
